 Dungeon Crawl Stone Soup version 0.31-a0-210-gccc998df9b (webtiles) character file.

Game seed: 9816021797183319634

131063 qw the Severer (level 17, -2/108 HPs)
             Began as a Gargoyle Fighter on June 29, 2023.
             Was an Elder of Okawaru.
             Slain by a sphinx (10 damage)
             ... summoned by Kirke
             ... on level 1 of the Swamp.
             The game lasted 00:18:32 (26927 turns).

qw the Severer (Gargoyle Fighter)                  Turns: 26927, Time: 00:18:32

Health: -2/108     AC:  0    Str: 26    XL:     17   Next: 9%
Magic:  24/24      EV: 16    Int:  7    God:    Okawaru [****..]
Gold:   103        SH:  0    Dex: 13    Spells: 16/16 levels left

rFire   . . .        E - melded +3 war axe (vamp)
rCold   . . .        t - melded +0 kite shield
rNeg    + . .        G - melded +3 plate armour {Will+}
rPois   inf          y - melded +2 helmet of the Kangaroo {Dex+3}
rElec   .            n - melded +1 cloak
rCorr   .            j - melded +1 pair of gloves
SInv    .            b - melded +0 pair of boots
Will    +....        F - amulet of faith
Stlth   +            C - melded +4 ring of protection
HPRegen 0.38/turn    M - melded ring of see invisible
MPRegen 0.19/turn

%: faith
@: about to teleport, pig-form, very quick
A: fast, no casting, sickness immunity, AC +12, small, (big wings), negative
energy resistance 1, (electricity resistance), torment resistance 1,
petrification resistance, agile 1, dopey 1
a: Renounce Religion, Heroism, Finesse


You were on level 1 of the Swamp.
You worshipped Okawaru.
Okawaru was greatly pleased with you.
You were a filthy swine.
You visited 5 branches of the dungeon, and saw 24 of its levels.

You collected 2442 gold pieces.
You spent 2339 gold pieces at shops.


Innate Abilities, Weirdness & Mutations

You are a filthy swine.
You move quickly.
Your equipment is almost entirely melded.
You are incapable of wielding weapons or throwing items.
You cannot cast spells.
You are immune to sickness and miasma.
((Your stone body is resilient. (AC +12)))
You are immune to poison.
((Your large and strong wings let you fly.))
You resist negative energy. (rN+)
((You are resistant to electric shocks. (rElec)))
You are resistant to unholy torment.
You are immune to petrification.
You are agile. (Dex +4, Str/Int -1)
You are dopey. (Int -2)


   Skills:
 - Level 13.0 Fighting
 - Level 17.0 Axes
 - Level 7.0 Throwing
 - Level 13.0 Armour
 - Level 5.0 Dodging
 + Level 13.3 Shields
 - Level 10.0 Invocations


You had 16 spell levels left.
You didn't know any spells.
Your spell library was empty.

Inventory:

Hand Weapons
 a - a +3 broad axe of electrocution
 c - a +0 morningstar
 E - a +3 vampiric war axe (melded)
Missiles
 z - 16 boomerangs
Armour
 b - a +0 pair of boots (melded)
 j - a +1 pair of gloves (melded)
 n - a +1 cloak (melded)
 t - a +0 kite shield (melded)
 y - the +2 helmet of the Kangaroo (melded) {Dex+3}
   (You acquired it on level 14 of the Dungeon)

   Dex:       It affects your dexterity (+3).
 G - a +3 plate armour of willpower (melded)
 H - a +1 chain mail of fire resistance
 I - the +2 buckler of Melancholy {+Inv rF+++ Str+3 Dex-3}
   (You found it on level 12 of the Dungeon)

   Str:       It affects your strength (+3).
   Dex:       It affects your dexterity (-3).
   rF:        It renders you almost immune to fire.
   +Inv:      It lets you turn invisible.
 N - a +2 chain mail of cold resistance
Jewellery
 e - the amulet "Zeis" {Spirit rF+ rC- Regen+ rCorr}
   (You found it on level 2 of the Dungeon)

   [amulet of guardian spirit]

   It causes incoming damage to be divided between your reserves of health and
   magic.
   rF:        It protects you from fire.
   rC:        It makes you vulnerable to cold.
   Regen:     It increases your rate of health regeneration.
   rCorr:     It protects you from acid and corrosion.
 l - a ring of willpower
 o - a ring of resist corrosion
 r - a ring of fire
 w - a ring of protection from cold
 B - a ring of protection from cold
 C - a +4 ring of protection (melded)
 D - a +6 ring of dexterity
 F - an amulet of faith (around neck)
 J - an amulet of reflection
 K - a ring of resist corrosion
 M - a ring of see invisible (melded)
 Y - the ring "Byburyhi" {rF+ Str+2 Int+2 Stlth+}
   (You found it on level 3 of the Lair of Beasts)

   [ring of protection from fire]

   Str:       It affects your strength (+2).
   Int:       It affects your intelligence (+2).
   rF:        It protects you from fire.
   Stlth:     It makes you more stealthy.
Wands
 p - a wand of digging (7)
Scrolls
 h - 6 scrolls of teleportation
 q - 14 scrolls of identify
Potions
 d - 5 potions of might
 f - 7 potions of curing
 i - 8 potions of lignification
 k - 3 potions of magic
 m - 5 potions of mutation
 s - 3 potions of cancellation
 u - 9 potions of attraction
 v - 5 potions of enlightenment
 x - a potion of resistance
 L - 2 potions of haste

Dungeon Overview and Level Annotations

Branches:
Dungeon (15/15)            Temple (1/1) D:6            Lair (5/5) D:8
  Swamp (1/4) Lair:3       Spider (0/4) Lair:2        Slime (0/5) Lair:5
    Orc (2/2) D:9             Elf (0/3) Orc:2        Vaults (0/5) D:13
 Depths (0/4) D:15

Altars:
Ashenzari
Cheibriados
Dithmenos
Elyvilon
Fedhas
Gozag
Hepliaklqana
Kikubaaqudgha
Makhleb
Nemelex Xobeh
Okawaru
Qazlal
Ru
Sif Muna
Trog
Uskayaw
Vehumet
Wu Jian
Xom
Yredelemnul
Zin
The Shining One
Jiyva

Shops:
D:2 (   D:6 (   D:8 (   D:11 :   D:12 :   Orc:1 =*   Orc:2 =*![(

Annotations:
Lair:2 1 runed translucent door
Swamp:1 Kirke


Message History

You bite something! Something hits you!
You barely miss something. You closely miss something. Something hits you!
You bite something! Something hits you.
You miss something. You hit something. Something hits you!
You hit something but do no damage. Something hits you!
You bite something! You hit something.
You hear a splashing noise.
You barely miss something. Something hits you.
You completely miss something. You hit something.
You hear a splashing noise.
You completely miss something.
You hear a splashing noise.
You closely miss something. You barely miss something.
You hear some strange, mumbled words.
You feel a momentary urge to oink.
You barely miss something. Something closely misses you.
You bite something! You closely miss something. Something hits you.
You hit something.
You hear some strange, mumbled words.
Something summons a sphinx!
26927 ||| READING 7 scrolls of teleportation.
As you read the scroll of teleportation, it crumbles to dust.
You feel strangely unstable. Something hits you. The sphinx hits you!
The sphinx barely misses you. The sphinx hits you!
You die... 777....####..777.7~~~..~.7~.77.7~ 77..## #....77.~7~.~~.~¤~.>.~~ 7.## .##...~.~~..~.~~~.~~~~. 7.# ~. #.~....~.7...~~.~ 777

..
#..7.~.......~..~
...
#..~..~..¤~..77.~
...##..~7~(.~~7.77
7 #......H~>~~7.7
...777h{...~.(7
77777.~~.7 77...7
.~h7 .~.h7 .(h7


You could see a sphinx (summoned).

Vanquished Creatures
  Mlioglotl (Swamp:1)
  Frances (Swamp:1)
  2 fire giants
  2 orc warlords
  An eleionoma (Swamp:1)
  Azrael (D:12)
  A yaktaur captain (D:12)
  Josephine (D:12)
  An ice dragon (D:12)
  2 vault guards (D:13)
  6 hydras
  8 boulder beetles
  6 centaur warriors
  An ogre mage (D:15)
  A death knight (D:15)
  An alligator (Swamp:1)
  3 catoblepae
  12 two-headed ogres
  A deep troll shaman (Lair:5)
  2 tengu warriors (D:15)
  5 death yaks
  2 orc high priests
  A spriggan berserker (Swamp:1)
  2 spriggans (Swamp:1)
  A skyshark (Lair:3)
  4 skeletal warriors (D:13)
  2 goliath frogs (Swamp:1)
  2 orc knights
  A bog body (Swamp:1)
  An orange crystal statue (D:10)
  3 wizards
  Pikel (D:4)
  3 deep elf pyromancers
  3 necromancers (D:13)
  An orc sorcerer (Orc:1)
  18 ugly things
  6 cyclopes
  5 manticores
  A faun (Lair:4)
  3 elephants (Lair:5)
  6 black mambas
  5 gargoyles
  5 kobold demonologists
  11 komodo dragons
  2 unseen horrors (D:12)
  A komodo dragon (shapeshifter) (D:14)
  4 yaktaurs
  5 cane toads
  An efreet (D:15)
  3 freezing wraiths (D:15)
  2 rime drakes
  5 tyrant leeches (Swamp:1)
  3 polar bears
  4 meliai
  6 trolls
  4 blink frogs (Lair:4)
  5 hornets
  A centaur simulacrum (D:14)
  A shadow (D:10)
  A water elemental (D:13)
  15 slime creatures
  A fire elemental (D:12)
  2 vampires
  12 wraiths
  Eustachio (D:5)
  18 humans (D:13)
  6 wyverns
  4 fire bats (D:11)
  7 basilisks
  5 hogs (Swamp:1)
  55 yaks
  Grum (D:11)
  A redback (Lair:2)
  8 vampire mosquitoes
  4 wargs
  Edmund (D:4)
  An acid dragon (D:10)
  5 swamp worms
  9 water moccasins
  A floating eye (shapeshifter) (D:10)
  4 hell hounds
  45 orc warriors
  5 black bears
  A sky beast (D:7)
  An ice beast (D:6)
  7 ogres
  7 boggarts (D:14)
  11 centaurs
  17 wolves
  A phantom (D:5)
  2 kobold brigands
  13 bullfrogs
  2 gnoll sergeants
  Blork the orc (D:4)
  2 scorpions
  8 wights (D:7)
  24 killer bees
  2 howler monkeys (D:8)
  2 lava snakes (D:11)
  A jelly (D:5)
  4 hounds
  22 orc priests
  34 orc wizards
  4 iguanas
  Ijyb (D:4)
  7 hell rats (Lair:1)
  A mummy (D:5)
  14 gnolls
  4 adders
  A shadow imp (D:5)
  3 white imps
  An ufetubus (D:5)
  3 dart slugs
  122 orcs
  7 endoplasms
  5 giant cockroaches
  13 goblins
  2 hobgoblins
  6 jackals
  16 kobolds
  2 quokkas
  7 ball pythons
  5 bats
  3 frilled lizards
  2 hobgoblin zombies (D:5)
  2 orc zombies (D:5)
  6 rats
  A fire vortex (D:11)
805 creatures vanquished.

Vanquished Creatures (others)
  A death drake (Swamp:1)
  2 bloated husks (Swamp:1)
  2 fire vortices (D:11)
5 creatures vanquished.

Grand Total: 810 creatures vanquished

Notes
Turn   | Place    | Note
-------+----------+-------------------------------------------
     0 | D:1      | qw the Gargoyle Fighter began the quest for the Orb.
     0 | D:1      | Reached XP level 1. HP: 14/14 MP: 1/1
     0 | D:1      | 0 ||| qw: Version: 0.3-a-24-ga2abf7b
     0 | D:1      | 0 ||| qw: Game counter: 6880
     0 | D:1      | 0 ||| qw: Melee chars always use a shield: true
     0 | D:1      | 0 ||| qw: God list: Okawaru
     0 | D:1      | 0 ||| qw: Allow faded altars: false
     0 | D:1      | 0 ||| qw: Do Orc after clearing Dungeon:15 true
     0 | D:1      | 0 ||| qw: Do second Lair branch before Depths: true
     0 | D:1      | 0 ||| qw: Lair rune preference: random
     0 | D:1      | 0 ||| qw: Goals: Normal, Zot:1-4, Slime:5, God:TSO, Crypt,
                  | Tomb, Abyss, Pan, Hells, Win
     0 | D:1      | 0 ||| PLANNING D:1-11
    62 | D:1      | Reached skill level 2 in Axes
   135 | D:1      | Reached XP level 2. HP: 19/19 MP: 2/2
   181 | D:1      | 181 ||| DROPPING +0 club.
   226 | D:1      | Reached skill level 3 in Axes
   279 | D:1      | Reached XP level 3. HP: 23/23 MP: 3/3
   330 | D:1      | Found a faded altar of an unknown god.
   600 | D:1      | 600 ||| READING scroll labelled ITRAOL EPHE.
   604 | D:1      | 604 ||| READING scroll labelled DENOS UPNEUHO.
   605 | D:1      | 605 ||| DRINKING 2 bubbling yellow potions.
   673 | D:2      | Found Sidghiov's Weapon Shop.
   687 | D:2      | 687 ||| BUYING +0 mace (33 gold).
   687 | D:2      | Bought a +0 mace for 33 gold pieces
   687 | D:2      | 687 ||| DROPPING +0 whip.
   689 | D:2      | Identified the amulet "Zeis" {Spirit rF+ rC- Regen+ rCorr}
   737 | D:2      | Found a white marble altar of Elyvilon.
  1329 | D:2      | 1329 ||| UPGRADING to +0 pair of gloves.
  1334 | D:2      | 1334 ||| UPGRADING to +2 buckler.
  1344 | D:2      | 1344 ||| DROPPING +0 buckler.
  1345 | D:2      | 1345 ||| UPGRADING to amulet "Zeis" {Spirit rF+ rC- Regen+
                  | rCorr}.
  1350 | D:2      | 1350 ||| READING scroll labelled MYAGONIJEU.
  1351 | D:2      | 1351 ||| READING scroll labelled BIDEST NOID.
  1352 | D:2      | 1352 ||| READING scroll labelled HUNASAT XOPEB.
  1353 | D:2      | 1353 ||| DRINKING 2 amethyst potions.
  1354 | D:2      | 1354 ||| DRINKING 2 fuming clear potions.
  1354 | D:2      | Gained mutation: Your spells are a little easier to cast,
                  | but a little less powerful. [potion of mutation]
  1354 | D:2      | Gained mutation: You are dopey. (Int -2) [potion of
                  | mutation]
  1354 | D:2      | Gained mutation: You are agile. (Dex +4, Str/Int -1)
                  | [potion of mutation]
  1354 | D:2      | Gained mutation: Your large and strong wings let you fly.
                  | [potion of mutation]
  1377 | D:3      | 1377 ||| Stepping ~*~*~tactically~*~*~ (stealth).
  1378 | D:3      | 1378 ||| Stepping ~*~*~tactically~*~*~ (stealth).
  1380 | D:3      | 1380 ||| Stepping ~*~*~tactically~*~*~ (stealth).
  1389 | D:3      | Reached XP level 4. HP: 27/28 MP: 2/4
  1402 | D:3      | 1402 ||| Stepping ~*~*~tactically~*~*~ (stealth).
  1412 | D:3      | 1412 ||| DROPPING +0 mace.
  1421 | D:3      | 1421 ||| Stepping ~*~*~tactically~*~*~ (stealth).
  1422 | D:3      | 1422 ||| Stepping ~*~*~tactically~*~*~ (stealth).
  1461 | D:3      | 1461 ||| Stepping ~*~*~tactically~*~*~ (stealth).
  1482 | D:3      | Reached skill level 4 in Axes
  1547 | D:3      | Found a bloodstained altar of Trog.
  1608 | D:3      | 1608 ||| Stepping ~*~*~tactically~*~*~ (stealth).
  1610 | D:3      | 1610 ||| Stepping ~*~*~tactically~*~*~ (hiding).
  1688 | D:3      | 1688 ||| Stepping ~*~*~tactically~*~*~ (hiding).
  1788 | D:3      | 1788 ||| Stepping ~*~*~tactically~*~*~ (stealth).
  1979 | D:3      | 1979 ||| UPGRADING to +0 helmet.
  1984 | D:3      | 1984 ||| READING scroll labelled MAOL ADWOU.
  1985 | D:3      | 1985 ||| READING scroll labelled LADI VAGEAMUM.
  1986 | D:3      | 1986 ||| READING scroll labelled UXKADOJIET.
  2087 | D:3      | 2087 ||| READING scroll labelled HUZYTWYPS.
  2088 | D:3      | 2088 ||| DRINKING 2 inky potions.
  2089 | D:3      | 2089 ||| DROPPING potion of brilliance.
  2127 | D:4      | Reached skill level 1 in Dodging
  2150 | D:4      | Reached XP level 5. HP: 32/32 MP: 5/5
  2190 | D:4      | Noticed Ijyb
  2191 | D:4      | 2191 ||| Stepping ~*~*~tactically~*~*~ (hiding).
  2193 | D:4      | 2193 ||| Stepping ~*~*~tactically~*~*~ (hiding).
  2195 | D:4      | 2195 ||| Stepping ~*~*~tactically~*~*~ (hiding).
  2196 | D:4      | 2196 ||| Stepping ~*~*~tactically~*~*~ (hiding).
  2197 | D:4      | 2197 ||| Stepping ~*~*~tactically~*~*~ (hiding).
  2210 | D:4      | Killed Ijyb
  2319 | D:4      | 2319 ||| Stepping ~*~*~tactically~*~*~ (hiding).
  2320 | D:4      | 2320 ||| Stepping ~*~*~tactically~*~*~ (hiding).
  2321 | D:4      | 2321 ||| Stepping ~*~*~tactically~*~*~ (hiding).
  2459 | D:4      | Noticed Pikel
  2459 | D:4      | Noticed a lemure
  2460 | D:4      | 2460 ||| Stepping ~*~*~tactically~*~*~ (stealth).
  2461 | D:4      | Noticed a lemure
  2464 | D:4      | 2464 ||| Stepping ~*~*~tactically~*~*~ (stealth).
  2467 | D:4      | Noticed a lemure
  2467 | D:4      | Noticed a lemure
  2470 | D:4      | Killed Pikel
  2471 | D:4      | Reached skill level 7 in Axes
  2471 | D:4      | Reached XP level 6. HP: 35/37 MP: 6/6
  2471 | D:4      | Reached XP level 7. HP: 39/41 MP: 7/7
  2534 | D:4      | 2534 ||| Stepping ~*~*~tactically~*~*~ (stealth).
  2536 | D:4      | Noticed Edmund
  2551 | D:4      | Killed Edmund
  2606 | D:4      | Noticed Blork the orc
  2619 | D:4      | Killed Blork the orc
  2706 | D:4      | HP: 1/44 [ogre/+0 giant club (18)]
  2707 | D:4      | 2707 ||| READING 3 scrolls of teleportation.
  2708 | D:4      | 2708 ||| DRINKING potion of heal wounds.
  2915 | D:4      | 2915 ||| Stepping ~*~*~tactically~*~*~ (stealth).
  2917 | D:4      | 2917 ||| Stepping ~*~*~tactically~*~*~ (stealth).
  2919 | D:4      | 2919 ||| Stepping ~*~*~tactically~*~*~ (stealth).
  2921 | D:4      | 2921 ||| Stepping ~*~*~tactically~*~*~ (stealth).
  2923 | D:4      | 2923 ||| Stepping ~*~*~tactically~*~*~ (stealth).
  2934 | D:4      | Reached XP level 8. HP: 50/50 MP: 8/8
  2975 | D:4      | 2975 ||| UPGRADING to +0 plate armour.
  2985 | D:4      | 2985 ||| DROPPING +0 scale mail.
  2986 | D:4      | 2986 ||| UPGRADING to ring of fire.
  2987 | D:4      | 2987 ||| DRINKING 2 lumpy white potions.
  3068 | D:5      | Entered Level 5 of the Dungeon
  3073 | D:5      | 3073 ||| STAIRDANCE
  3088 | D:4      | Reached skill level 1 in Throwing
  3186 | D:5      | Noticed Eustachio
  3209 | D:5      | Killed Eustachio
  3258 | D:5      | Found a glowing silver altar of Zin.
  3516 | D:5      | 3516 ||| Stepping ~*~*~tactically~*~*~ (stealth).
  3517 | D:5      | 3517 ||| Stepping ~*~*~tactically~*~*~ (stealth).
  3628 | D:5      | 3628 ||| UPGRADING to +0 pair of boots.
  3633 | D:5      | 3633 ||| READING scroll labelled IMEFRI TYMIE.
  3634 | D:5      | 3634 ||| DRINKING 2 fuming black potions.
  3635 | D:5      | 3635 ||| READING 3 scrolls of identify.
  3635 | D:5      | 3635 ||| IDENTIFYING red potion
  3636 | D:5      | 3636 ||| READING 2 scrolls of identify.
  3636 | D:5      | 3636 ||| IDENTIFYING sapphire potion
  3744 | D:6      | Reached skill level 8 in Axes
  3746 | D:6      | Reached skill level 6 in Fighting
  3751 | D:6      | Reached skill level 6 in Armour
  3751 | D:6      | Reached XP level 9. HP: 22/55 MP: 2/9
  3836 | D:6      | Found Kymu's Antique Weapon Shop.
  3844 | D:6      | 3844 ||| BUYING runed war axe (123 gold).
  3844 | D:6      | Bought a runed war axe for 123 gold pieces
  3844 | D:6      | 3844 ||| SWAPPING to +2 war axe of freezing.
  3845 | D:6      | 3845 ||| DROPPING +0 war axe.
  3879 | D:6      | Found an ancient bone altar of Kikubaaqudgha.
  3928 | D:6      | 3928 ||| DRINKING 4 potions of curing.
  3928 | D:6      | 3928 ||| (to cure confusion)
  3944 | D:6      | Found a staircase to the Ecumenical Temple.
  3945 | D:6      | 3945 ||| PLANNING TEMPLE
  3945 | D:6      | 3945 ||| READING scroll labelled RIOT MUOTAEGG.
  3946 | D:6      | 3946 ||| READING 3 scrolls of identify.
  3946 | D:6      | 3946 ||| IDENTIFYING murky sapphire potion
  3947 | D:6      | 3947 ||| DROPPING potion of degeneration.
  3962 | Temple   | Entered the Ecumenical Temple
  3991 | Temple   | 3991 ||| PLANNING OKAWARU WORSHIP
  4095 | Temple   | Became a worshipper of Warmaster Okawaru
  4096 | Temple   | 4096 ||| PLANNING D:1-11
  4253 | D:6      | 4253 ||| DROPPING ring of magical power.
  4254 | D:6      | 4254 ||| READING scroll labelled LIMOUFREJE.
  4324 | D:7      | 4324 ||| Stepping ~*~*~tactically~*~*~ (hiding).
  4331 | D:7      | 4331 ||| Stepping ~*~*~tactically~*~*~ (hiding).
  4346 | D:7      | 4346 ||| Stepping ~*~*~tactically~*~*~ (stealth).
  4347 | D:7      | 4347 ||| Stepping ~*~*~tactically~*~*~ (stealth).
  4387 | D:7      | 4387 ||| Stepping ~*~*~tactically~*~*~ (hiding).
  4396 | D:7      | Reached skill level 9 in Axes
  4455 | D:7      | 4455 ||| Stepping ~*~*~tactically~*~*~ (stealth).
  4528 | D:7      | You are sucked into a shaft and drop 2 floors!
  4541 | D:9      | 4541 ||| UPGRADING to +0 kite shield.
  4551 | D:9      | 4551 ||| DROPPING +2 buckler.
  4706 | D:8      | 4706 ||| Stepping ~*~*~tactically~*~*~ (stealth).
  4717 | D:8      | Reached * piety under Okawaru
  4718 | D:8      | 4718 ||| UPGRADING to +1 cloak.
  4734 | D:8      | Reached skill level 1 in Invocations
  4743 | D:8      | 4743 ||| INVOKING Heroism.
  4745 | D:8      | Reached skill level 6 in Shields
  4764 | D:8      | Reached skill level 3 in Invocations
  4764 | D:8      | Reached XP level 10. HP: 61/61 MP: 9/12
  4771 | D:8      | 4771 ||| FLEEEEING.
  4772 | D:8      | 4772 ||| FLEEEEING.
  4773 | D:8      | 4773 ||| FLEEEEING.
  4773 | D:8      | Found a staircase to the Lair.
  4774 | D:8      | 4774 ||| FLEEEEING.
  4775 | D:8      | 4775 ||| STAIRDANCE
  4851 | D:7      | Found a sparkling altar of Nemelex Xobeh.
  4889 | D:7      | Reached ** piety under Okawaru
  5040 | D:7      | 5040 ||| Stepping ~*~*~tactically~*~*~ (stealth).
  5058 | D:7      | 5058 ||| Stepping ~*~*~tactically~*~*~ (stealth).
  5059 | D:7      | 5059 ||| Stepping ~*~*~tactically~*~*~ (stealth).
  5060 | D:7      | 5060 ||| Stepping ~*~*~tactically~*~*~ (stealth).
  5079 | D:7      | 5079 ||| Stepping ~*~*~tactically~*~*~ (stealth).
  5086 | D:7      | 5086 ||| Stepping ~*~*~tactically~*~*~ (hiding).
  5527 | D:7      | 5527 ||| Stepping ~*~*~tactically~*~*~ (stealth).
  5538 | D:7      | 5538 ||| PLANNING LAIR
  5538 | D:7      | 5538 ||| READING scroll labelled MECUABR NIERUU.
  5616 | D:8      | 5616 ||| STAIRDANCE
  5633 | Lair:1   | Entered Level 1 of the Lair of Beasts
  5652 | Lair:1   | Reached skill level 9 in Shields
  5654 | Lair:1   | 5654 ||| INVOKING Heroism.
  5721 | Lair:1   | Noticed a boulder beetle
  5723 | Lair:1   | 5723 ||| INVOKING Heroism.
  5748 | Lair:1   | 5748 ||| INVOKING Heroism.
  5753 | Lair:1   | Killed a boulder beetle
  5753 | Lair:1   | Reached *** piety under Okawaru
  5754 | Lair:1   | Reached skill level 10 in Axes
  6402 | Lair:1   | 6402 ||| READING 5 scrolls of identify.
  6402 | Lair:1   | 6402 ||| IDENTIFYING fizzy coppery potion
  6434 | Lair:2   | Noticed a black mamba
  6435 | Lair:2   | 6435 ||| INVOKING Heroism.
  6440 | Lair:2   | Killed a black mamba
  6441 | Lair:2   | Reached XP level 11. HP: 68/68 MP: 12/14
  6469 | Lair:2   | 6469 ||| READING scroll of brand weapon.
  6469 | Lair:2   | 6469 ||| BRANDING +2 heavy war axe.
  6502 | Lair:2   | 6502 ||| INVOKING Heroism.
  6559 | Lair:2   | Reached **** piety under Okawaru
  6661 | Lair:2   | 6661 ||| Stepping ~*~*~tactically~*~*~ (stealth).
  6664 | Lair:2   | 6664 ||| INVOKING Heroism.
  6692 | Lair:2   | 6692 ||| Stepping ~*~*~tactically~*~*~ (stealth).
  6695 | Lair:2   | 6695 ||| Stepping ~*~*~tactically~*~*~ (stealth).
  6710 | Lair:2   | Found a hole to the Spider Nest.
  6758 | Lair:2   | 6758 ||| INVOKING Heroism.
  6869 | Lair:2   | 6869 ||| Stepping ~*~*~tactically~*~*~ (stealth).
  6937 | Lair:2   | Found a runed translucent door.
  6944 | Lair:2   | Identified the +2 robe of Ornamental Surprise {rC+}
  7023 | Lair:2   | 7023 ||| Stepping ~*~*~tactically~*~*~ (hiding).
  7040 | Lair:2   | 7040 ||| INVOKING Heroism.
  7998 | Lair:2   | 7998 ||| Stepping randomly (stuck).
  8012 | Lair:3   | 8012 ||| INVOKING Heroism.
  8021 | Lair:3   | Reached skill level 6 in Invocations
  8037 | Lair:3   | 8037 ||| Stepping ~*~*~tactically~*~*~ (stealth).
  8038 | Lair:3   | 8038 ||| FLEEEEING.
  8039 | Lair:3   | 8039 ||| INVOKING Heroism.
  8086 | Lair:3   | 8086 ||| INVOKING Heroism.
  8280 | Lair:3   | Identified the ring "Byburyhi" {rF+ Str+2 Int+2 Stlth+}
  8295 | Lair:3   | Reached skill level 11 in Axes
  8363 | Lair:3   | Identified the +0 ring mail of Tatin {Int+3}
  8385 | Lair:3   | Noticed a five-headed hydra
  8386 | Lair:3   | 8386 ||| INVOKING Heroism.
  8387 | Lair:3   | 8387 ||| SWAPPING to +0 morningstar.
  8393 | Lair:3   | HP: 14/68 [swamp worm (8)]
  8394 | Lair:3   | 8394 ||| READING 5 scrolls of teleportation.
  8394 | Lair:3   | HP: 4/68 [five-headed hydra (5)]
  8396 | Lair:3   | Killed a five-headed hydra
  8397 | Lair:3   | 8397 ||| SWAPPING to +2 war axe of protection.
  8540 | Lair:3   | 8540 ||| INVOKING Heroism.
  8629 | Lair:3   | 8629 ||| INVOKING Heroism.
  8630 | Lair:3   | 8630 ||| Stepping ~*~*~tactically~*~*~ (hiding).
  8632 | Lair:3   | 8632 ||| Stepping ~*~*~tactically~*~*~ (hiding).
  8658 | Lair:3   | Noticed a skyshark
  8678 | Lair:3   | Killed a skyshark
  8722 | Lair:3   | 8722 ||| INVOKING Heroism.
  8729 | Lair:3   | Reached XP level 12. HP: 74/74 MP: 15/17
  8733 | Lair:3   | 8733 ||| Stepping ~*~*~tactically~*~*~ (stealth).
  8761 | Lair:3   | Found a staircase to the Swamp.
  8762 | Lair:3   | Noticed an eight-headed hydra
  8763 | Lair:3   | 8763 ||| INVOKING Heroism.
  8764 | Lair:3   | 8764 ||| SWAPPING to +0 morningstar.
  8772 | Lair:3   | Killed an eight-headed hydra
  8773 | Lair:3   | 8773 ||| SWAPPING to +2 war axe of protection.
  9059 | Lair:3   | 9059 ||| UPGRADING to ring "Byburyhi" {rF+ Str+2 Int+2
                  | Stlth+}.
  9060 | Lair:3   | 9060 ||| UPGRADING to ring of protection from cold.
  9062 | Lair:3   | 9062 ||| READING scroll labelled ZOVASTR XAAMM.
  9199 | Lair:4   | Reached ***** piety under Okawaru
  9246 | Lair:4   | 9246 ||| Stepping ~*~*~tactically~*~*~ (stealth).
  9247 | Lair:4   | 9247 ||| INVOKING Heroism.
  9253 | Lair:4   | Reached skill level 9 in Invocations
  9262 | Lair:4   | Reached skill level 9 in Fighting
  9304 | Lair:4   | 9304 ||| INVOKING Heroism.
  9596 | Lair:4   | You are sucked into a shaft and drop 1 floor!
  9596 | Lair:5   | Entered Level 5 of the Lair of Beasts
  9609 | Lair:5   | Received a gift from Okawaru
  9646 | Lair:5   | 9646 ||| INVOKING Heroism.
  9660 | Lair:5   | Reached skill level 9 in Armour
  9722 | Lair:5   | Noticed a death yak
  9723 | Lair:5   | 9723 ||| INVOKING Heroism.
  9726 | Lair:5   | Noticed a death yak
  9733 | Lair:5   | Killed a death yak
  9734 | Lair:5   | 9734 ||| INVOKING Finesse.
  9737 | Lair:5   | Noticed a death yak
  9743 | Lair:5   | Killed a death yak
  9754 | Lair:5   | Killed a death yak
  9783 | Lair:5   | Noticed a deep troll shaman
  9784 | Lair:5   | 9784 ||| INVOKING Finesse.
  9789 | Lair:5   | 9789 ||| INVOKING Heroism.
  9799 | Lair:5   | Killed a deep troll shaman
  9803 | Lair:5   | Noticed a catoblepas
  9804 | Lair:5   | 9804 ||| Stepping ~*~*~tactically~*~*~ (stealth).
  9820 | Lair:5   | Killed a catoblepas
  9821 | Lair:5   | Reached skill level 12 in Axes
  9846 | Lair:5   | 9846 ||| INVOKING Heroism.
  9891 | Lair:5   | Noticed a six-headed hydra
  9892 | Lair:5   | 9892 ||| INVOKING Finesse.
  9896 | Lair:5   | 9896 ||| SWAPPING to +0 morningstar.
  9910 | Lair:5   | Killed a six-headed hydra
  9911 | Lair:5   | 9911 ||| SWAPPING to +2 war axe of protection.
  9999 | Lair:5   | Reached XP level 13. HP: 80/80 MP: 20/20
 10038 | Lair:5   | 10038 ||| READING scroll labelled PIXOEM UTAT.
 10039 | Lair:5   | 10039 ||| READING 5 scrolls of identify.
 10039 | Lair:5   | 10039 ||| IDENTIFYING fuming inky potion
 10040 | Lair:5   | 10040 ||| DRINKING potion of experience.
 10040 | Lair:5   | Reached skill level 12 in Fighting
 10040 | Lair:5   | Mutation became permanent: Your large and strong wings let
                  | you fly. [Gargoyle growth]
 10040 | Lair:5   | Gained mutation: Your large and strong wings let you fly.
                  | [Gargoyle growth]
 10040 | Lair:5   | Reached XP level 14. HP: 92/92 MP: 21/21
 10506 | Lair:4   | 10506 ||| READING scroll labelled KESHOABLEK.
 10606 | Lair:5   | 10606 ||| INVOKING Heroism.
 10610 | Lair:5   | 10610 ||| SWAPPING to +0 morningstar.
 10618 | Lair:5   | 10618 ||| SWAPPING to +3 war axe of protection.
 10882 | Lair:5   | 10882 ||| INVOKING Heroism.
 10883 | Lair:5   | 10883 ||| INVOKING Finesse.
 10886 | Lair:5   | 10886 ||| SWAPPING to +0 morningstar.
 10895 | Lair:5   | Reached skill level 13 in Axes
 10895 | Lair:5   | 10895 ||| SWAPPING to +3 war axe of protection.
 10920 | Lair:5   | 10920 ||| FLEEEEING.
 10921 | Lair:5   | 10921 ||| FLEEEEING.
 10922 | Lair:5   | 10922 ||| FLEEEEING.
 10923 | Lair:5   | 10923 ||| FLEEEEING.
 10924 | Lair:5   | 10924 ||| FLEEEEING.
 10925 | Lair:5   | 10925 ||| FLEEEEING.
 10928 | Lair:5   | 10928 ||| STAIRDANCE
 10958 | Lair:5   | 10958 ||| Stepping ~*~*~tactically~*~*~ (stealth).
 10998 | Lair:5   | Found a staircase to the Slime Pits.
 10999 | Lair:5   | Found a viscous altar of Jiyva.
 11325 | Lair:5   | 11325 ||| PLANNING D:1-11
 11540 | D:8      | 11540 ||| Stepping ~*~*~tactically~*~*~ (hiding).
 11558 | D:8      | 11558 ||| Stepping ~*~*~tactically~*~*~ (hiding).
 11606 | D:8      | 11606 ||| Stepping ~*~*~tactically~*~*~ (hiding).
 11645 | D:8      | Found a sacrificial altar of Ru.
 11654 | D:8      | Found a snail-covered altar of Cheibriados.
 11743 | D:8      | Found Nalir's Antique Weapon Boutique.
 12034 | D:8      | 12034 ||| READING 6 scrolls of identify.
 12034 | D:8      | 12034 ||| IDENTIFYING bubbling cyan potion
 12035 | D:8      | 12035 ||| DROPPING potion of berserk rage.
 12125 | D:9      | 12125 ||| Stepping ~*~*~tactically~*~*~ (stealth).
 12145 | D:9      | Reached skill level 3 in Throwing
 12195 | D:9      | 12195 ||| Stepping ~*~*~tactically~*~*~ (stealth).
 12199 | D:9      | 12199 ||| Stepping ~*~*~tactically~*~*~ (stealth).
 12247 | D:9      | 12247 ||| READING scroll of brand weapon.
 12247 | D:9      | 12247 ||| BRANDING +3 war axe of protection.
 12349 | D:9      | 12349 ||| DRINKING 5 potions of curing.
 12349 | D:9      | 12349 ||| (to cure confusion)
 12366 | D:9      | Found a staircase to the Orcish Mines.
 12371 | D:9      | 12371 ||| Stepping ~*~*~tactically~*~*~ (stealth).
 12373 | D:9      | 12373 ||| Stepping ~*~*~tactically~*~*~ (stealth).
 12381 | D:9      | 12381 ||| Stepping ~*~*~tactically~*~*~ (hiding).
 12382 | D:9      | 12382 ||| Stepping ~*~*~tactically~*~*~ (hiding).
 12387 | D:9      | 12387 ||| Stepping ~*~*~tactically~*~*~ (hiding).
 12426 | D:9      | 12426 ||| Stepping ~*~*~tactically~*~*~ (stealth).
 12443 | D:9      | 12443 ||| Stepping ~*~*~tactically~*~*~ (hiding).
 12455 | D:9      | 12455 ||| INVOKING Heroism.
 12555 | D:9      | 12555 ||| Stepping ~*~*~tactically~*~*~ (stealth).
 12599 | D:9      | 12599 ||| Stepping ~*~*~tactically~*~*~ (hiding).
 12845 | D:9      | 12845 ||| Stepping ~*~*~tactically~*~*~ (stealth).
 12847 | D:9      | 12847 ||| Stepping ~*~*~tactically~*~*~ (hiding).
 12924 | D:9      | Found a broken altar of Ashenzari.
 12925 | D:9      | Found a white marble altar of Elyvilon.
 13032 | D:10     | Entered Level 10 of the Dungeon
 13109 | D:10     | 13109 ||| READING scroll of enchant weapon.
 13109 | D:10     | 13109 ||| ENCHANTING +3 war axe of draining.
 13188 | D:10     | Received a gift from Okawaru
 13447 | D:10     | 13447 ||| Stepping ~*~*~tactically~*~*~ (hiding).
 13448 | D:10     | 13448 ||| Stepping ~*~*~tactically~*~*~ (hiding).
 13466 | D:10     | Reached skill level 3 in Dodging
 13511 | D:10     | Identified the +1 leather armour of Xeveurch {Str+2 Dex+3}
 13538 | D:10     | 13538 ||| FLEEEEING.
 13596 | D:10     | 13596 ||| DRINKING 5 potions of curing.
 13596 | D:10     | 13596 ||| (to cure confusion)
 13597 | D:10     | 13597 ||| FLEEEEING.
 13683 | D:10     | 13683 ||| FLEEEEING.
 13746 | D:10     | 13746 ||| INVOKING Heroism.
 13747 | D:10     | 13747 ||| DRINKING 4 potions of curing.
 13747 | D:10     | 13747 ||| (to cure confusion)
 13748 | D:10     | 13748 ||| INVOKING Finesse.
 13775 | D:10     | 13775 ||| INVOKING Heroism.
 14214 | D:10     | 14214 ||| READING scroll labelled YSEKUA TECAKHO.
 14276 | D:11     | Lost mutation: Your spells are a little easier to cast, but
                  | a little less powerful. [a neqoxec]
 14279 | D:11     | Received a gift from Okawaru
 14410 | D:11     | 14410 ||| DROPPING +0 hand axe.
 14411 | D:11     | 14411 ||| READING scroll of brand weapon.
 14411 | D:11     | 14411 ||| BRANDING +4 war axe of draining.
 14412 | D:11     | 14412 ||| DROPPING +0 war axe.
 14473 | D:11     | Found Cemusuck's Tiny Tomes.
 14627 | D:11     | 14627 ||| Stepping ~*~*~tactically~*~*~ (hiding).
 14628 | D:11     | 14628 ||| Stepping ~*~*~tactically~*~*~ (hiding).
 14696 | D:11     | 14696 ||| Stepping ~*~*~tactically~*~*~ (stealth).
 14706 | D:11     | 14706 ||| Stepping ~*~*~tactically~*~*~ (stealth).
 15039 | D:11     | 15039 ||| Stepping ~*~*~tactically~*~*~ (stealth).
 15040 | D:11     | 15040 ||| Stepping ~*~*~tactically~*~*~ (stealth).
 15131 | D:11     | Identified the +1 rapier of the Candelabrum {venom, rPois
                  | Str+4 Dex-5}
 15198 | D:11     | 15198 ||| Stepping ~*~*~tactically~*~*~ (stealth).
 15203 | D:11     | Noticed Grum
 15204 | D:11     | 15204 ||| INVOKING Heroism.
 15205 | D:11     | 15205 ||| INVOKING Finesse.
 15206 | D:11     | 15206 ||| INVOKING Finesse.
 15219 | D:11     | Killed Grum
 15219 | D:11     | Received a gift from Okawaru
 15377 | D:11     | 15377 ||| Stepping ~*~*~tactically~*~*~ (stealth).
 15379 | D:11     | 15379 ||| Stepping ~*~*~tactically~*~*~ (stealth).
 15391 | D:11     | 15391 ||| Stepping ~*~*~tactically~*~*~ (hiding).
 15392 | D:11     | 15392 ||| Stepping ~*~*~tactically~*~*~ (hiding).
 15394 | D:11     | 15394 ||| Stepping ~*~*~tactically~*~*~ (hiding).
 15397 | D:11     | 15397 ||| Stepping ~*~*~tactically~*~*~ (hiding).
 15421 | D:11     | 15421 ||| PLANNING D
 15450 | D:12     | 15450 ||| Stepping ~*~*~tactically~*~*~ (hiding).
 15513 | D:12     | 15513 ||| Stepping ~*~*~tactically~*~*~ (stealth).
 15579 | D:12     | Received a gift from Okawaru
 15580 | D:12     | Reached skill level 14 in Axes
 15589 | D:12     | 15589 ||| Stepping randomly (disturbance).
 15593 | D:12     | 15593 ||| Stepping randomly (disturbance).
 15606 | D:12     | 15606 ||| Stepping ~*~*~tactically~*~*~ (stealth).
 15607 | D:12     | 15607 ||| Stepping ~*~*~tactically~*~*~ (stealth).
 15609 | D:12     | 15609 ||| INVOKING Heroism.
 15633 | D:12     | Reached XP level 15. HP: 96/96 MP: 16/22
 15692 | D:12     | 15692 ||| INVOKING Heroism.
 15711 | D:12     | 15711 ||| Stepping ~*~*~tactically~*~*~ (stealth).
 15712 | D:12     | 15712 ||| Stepping ~*~*~tactically~*~*~ (stealth).
 15786 | D:12     | 15786 ||| Stepping ~*~*~tactically~*~*~ (stealth).
 15787 | D:12     | 15787 ||| Stepping ~*~*~tactically~*~*~ (stealth).
 15876 | D:12     | 15876 ||| INVOKING Heroism.
 15932 | D:12     | Found a broken altar of Ashenzari.
 15934 | D:12     | 15934 ||| Stepping ~*~*~tactically~*~*~ (hiding).
 15936 | D:12     | 15936 ||| Stepping ~*~*~tactically~*~*~ (hiding).
 15937 | D:12     | 15937 ||| Stepping ~*~*~tactically~*~*~ (hiding).
 15938 | D:12     | 15938 ||| Stepping ~*~*~tactically~*~*~ (hiding).
 15939 | D:12     | 15939 ||| Stepping ~*~*~tactically~*~*~ (hiding).
 16067 | D:12     | 16067 ||| Stepping ~*~*~tactically~*~*~ (hiding).
 16076 | D:12     | 16076 ||| FLEEEEING.
 16194 | D:12     | Reached skill level 12 in Shields
 16217 | D:12     | 16217 ||| Stepping ~*~*~tactically~*~*~ (hiding).
 16232 | D:12     | 16232 ||| Stepping ~*~*~tactically~*~*~ (stealth).
 16263 | D:12     | 16263 ||| INVOKING Heroism.
 16302 | D:12     | 16302 ||| Stepping ~*~*~tactically~*~*~ (stealth).
 16306 | D:12     | 16306 ||| Stepping ~*~*~tactically~*~*~ (stealth).
 16377 | D:12     | 16377 ||| Stepping ~*~*~tactically~*~*~ (stealth).
 16395 | D:12     | Noticed Josephine
 16404 | D:12     | Killed Josephine
 16404 | D:12     | Received a gift from Okawaru
 16405 | D:12     | Reached skill level 6 in Throwing
 16414 | D:12     | 16414 ||| INVOKING Heroism.
 16541 | D:12     | 16541 ||| INVOKING Heroism.
 16619 | D:12     | Noticed a fire giant
 16631 | D:12     | Killed a fire giant
 16633 | D:12     | 16633 ||| Stepping ~*~*~tactically~*~*~ (stealth).
 16691 | D:12     | Identified the +2 buckler of Melancholy {+Inv rF+++ Str+3
                  | Dex-3}
 16720 | D:12     | 16720 ||| Stepping ~*~*~tactically~*~*~ (hiding).
 16848 | D:12     | 16848 ||| Stepping ~*~*~tactically~*~*~ (stealth).
 16849 | D:12     | 16849 ||| Stepping ~*~*~tactically~*~*~ (stealth).
 16886 | D:12     | Found Ceoq's Tremendous Tomes.
 16973 | D:12     | Noticed Azrael
 16974 | D:12     | 16974 ||| INVOKING Heroism.
 16987 | D:12     | Killed Azrael
 16993 | D:12     | Received a gift from Okawaru
 17203 | D:12     | 17203 ||| Stepping ~*~*~tactically~*~*~ (hiding).
 17211 | D:12     | Reached skill level 15 in Axes
 17507 | D:12     | 17507 ||| UPGRADING to +3 plate armour of willpower.
 17517 | D:12     | 17517 ||| DROPPING +0 plate armour.
 17518 | D:12     | 17518 ||| UPGRADING to amulet of faith.
 17528 | D:12     | 17528 ||| DROPPING ring of ice.
 17656 | D:13     | Identified the +1 sling "Firyo" {heavy, rPois}
 17811 | D:13     | 17811 ||| Stepping ~*~*~tactically~*~*~ (stealth).
 17813 | D:13     | 17813 ||| INVOKING Heroism.
 17958 | D:13     | 17958 ||| Stepping ~*~*~tactically~*~*~ (stealth).
 17963 | D:13     | 17963 ||| INVOKING Heroism.
 17969 | D:13     | HP: 24/96 [troll (9)]
 17970 | D:13     | 17970 ||| READING 8 scrolls of teleportation.
 17971 | D:13     | 17971 ||| DRINKING 5 potions of heal wounds.
 18159 | D:13     | 18159 ||| Stepping ~*~*~tactically~*~*~ (hiding).
 18210 | D:13     | 18210 ||| Stepping ~*~*~tactically~*~*~ (hiding).
 18213 | D:13     | 18213 ||| Stepping ~*~*~tactically~*~*~ (hiding).
 18214 | D:13     | 18214 ||| Stepping ~*~*~tactically~*~*~ (hiding).
 18215 | D:13     | 18215 ||| Stepping ~*~*~tactically~*~*~ (hiding).
 18221 | D:13     | 18221 ||| INVOKING Heroism.
 18237 | D:13     | 18237 ||| Stepping ~*~*~tactically~*~*~ (stealth).
 18258 | D:13     | Reached skill level 12 in Armour
 18263 | D:13     | 18263 ||| INVOKING Heroism.
 18412 | D:13     | 18412 ||| Stepping ~*~*~tactically~*~*~ (stealth).
 18470 | D:13     | 18470 ||| Stepping ~*~*~tactically~*~*~ (hiding).
 18471 | D:13     | 18471 ||| Stepping ~*~*~tactically~*~*~ (hiding).
 18474 | D:13     | 18474 ||| INVOKING Heroism.
 18496 | D:13     | Received a gift from Okawaru
 18561 | D:13     | 18561 ||| SWAPPING to +2 broad axe of electrocution.
 18562 | D:13     | 18562 ||| DROPPING +4 war axe of venom.
 18569 | D:13     | 18569 ||| INVOKING Heroism.
 18571 | D:13     | 18571 ||| Stepping ~*~*~tactically~*~*~ (hiding).
 19326 | D:13     | Found a shadowy altar of Dithmenos.
 19657 | D:13     | Found a gate to the Vaults.
 19668 | D:13     | 19668 ||| INVOKING Heroism.
 19672 | D:13     | Received a gift from Okawaru
 19675 | D:13     | HP: 6/96 [vault guard/+0 great sword (21)]
 19676 | D:13     | 19676 ||| READING 8 scrolls of teleportation.
 19677 | D:13     | 19677 ||| DRINKING 4 potions of heal wounds.
 19898 | D:13     | 19898 ||| Stepping ~*~*~tactically~*~*~ (stealth).
 19908 | D:13     | Received a gift from Okawaru
 19909 | D:13     | Reached skill level 16 in Axes
 19909 | D:13     | Reached XP level 16. HP: 80/101 MP: 23/23
 20504 | D:14     | 20504 ||| READING scroll of enchant weapon.
 20504 | D:14     | 20504 ||| ENCHANTING +2 broad axe of electrocution.
 20655 | D:14     | 20655 ||| Stepping ~*~*~tactically~*~*~ (hiding).
 20713 | D:14     | 20713 ||| INVOKING Heroism.
 20714 | D:14     | 20714 ||| INVOKING Finesse.
 20725 | D:14     | 20725 ||| SWAPPING to +0 morningstar.
 20732 | D:14     | 20732 ||| SWAPPING to +3 broad axe of electrocution.
 20876 | D:14     | 20876 ||| Stepping ~*~*~tactically~*~*~ (stealth).
 20913 | D:14     | 20913 ||| INVOKING Heroism.
 21099 | D:14     | 21099 ||| Stepping ~*~*~tactically~*~*~ (hiding).
 21100 | D:14     | 21100 ||| Stepping ~*~*~tactically~*~*~ (hiding).
 21103 | D:14     | 21103 ||| Stepping ~*~*~tactically~*~*~ (hiding).
 21113 | D:14     | 21113 ||| Stepping ~*~*~tactically~*~*~ (stealth).
 21115 | D:14     | 21115 ||| Stepping ~*~*~tactically~*~*~ (hiding).
 21124 | D:14     | 21124 ||| Stepping ~*~*~tactically~*~*~ (stealth).
 21126 | D:14     | 21126 ||| Stepping ~*~*~tactically~*~*~ (hiding).
 21132 | D:14     | Identified a scroll of acquirement
 21154 | D:14     | 21154 ||| Stepping ~*~*~tactically~*~*~ (stealth).
 21157 | D:14     | 21157 ||| FLEEEEING.
 21158 | D:14     | 21158 ||| FLEEEEING.
 21159 | D:14     | 21159 ||| FLEEEEING.
 21252 | D:14     | 21252 ||| READING scroll of acquirement.
 21252 | D:14     | 21252 ||| ACQUIRING +2 helmet of the Kangaroo {Dex+3}
 21252 | D:14     | Acquired the +2 helmet of the Kangaroo {Dex+3}
 21382 | D:14     | 21382 ||| INVOKING Heroism.
 21383 | D:14     | 21383 ||| INVOKING Finesse.
 21420 | D:14     | 21420 ||| INVOKING Heroism.
 21459 | D:14     | 21459 ||| Stepping ~*~*~tactically~*~*~ (stealth).
 21461 | D:14     | 21461 ||| INVOKING Heroism.
 21715 | D:14     | 21715 ||| UPGRADING to +2 helmet of the Kangaroo {Dex+3}.
 21725 | D:14     | 21725 ||| DROPPING +0 helmet.
 21726 | D:14     | 21726 ||| READING 15 scrolls of identify.
 21726 | D:14     | 21726 ||| IDENTIFYING brown potion
 21727 | D:14     | 21727 ||| READING 14 scrolls of identify.
 21727 | D:14     | 21727 ||| IDENTIFYING cyan potion
 21728 | D:14     | 21728 ||| DROPPING potion of invisibility.
 21744 | D:15     | Entered Level 15 of the Dungeon
 21752 | D:15     | Found a staircase to the Depths.
 21764 | D:15     | 21764 ||| INVOKING Heroism.
 21778 | D:15     | HP: 21/101 [death knight/+0 great sword (22)]
 21779 | D:15     | 21779 ||| READING 7 scrolls of teleportation.
 21780 | D:15     | 21780 ||| DRINKING 3 potions of heal wounds.
 21783 | D:15     | Received a gift from Okawaru
 21923 | D:15     | 21923 ||| FLEEEEING.
 21924 | D:15     | 21924 ||| STAIRDANCE
 21992 | D:15     | 21992 ||| INVOKING Heroism.
 22006 | D:15     | 22006 ||| Stepping ~*~*~tactically~*~*~ (hiding).
 22007 | D:15     | 22007 ||| Stepping ~*~*~tactically~*~*~ (hiding).
 22008 | D:15     | 22008 ||| STAIRDANCE
 22196 | D:15     | Received a gift from Okawaru
 22204 | D:15     | 22204 ||| Stepping ~*~*~tactically~*~*~ (hiding).
 22220 | D:15     | 22220 ||| Stepping ~*~*~tactically~*~*~ (stealth).
 22359 | D:15     | 22359 ||| Stepping ~*~*~tactically~*~*~ (stealth).
 22475 | D:15     | 22475 ||| Stepping ~*~*~tactically~*~*~ (stealth).
 22477 | D:15     | 22477 ||| Stepping ~*~*~tactically~*~*~ (stealth).
 22487 | D:15     | Received a gift from Okawaru
 22497 | D:15     | 22497 ||| Stepping ~*~*~tactically~*~*~ (stealth).
 22511 | D:15     | 22511 ||| INVOKING Heroism.
 22799 | D:15     | 22799 ||| INVOKING Heroism.
 22802 | D:15     | Received a gift from Okawaru
 22964 | D:15     | 22964 ||| Stepping ~*~*~tactically~*~*~ (hiding).
 22967 | D:15     | 22967 ||| Stepping ~*~*~tactically~*~*~ (hiding).
 23210 | D:15     | 23210 ||| Stepping ~*~*~tactically~*~*~ (stealth).
 23211 | D:15     | 23211 ||| Stepping ~*~*~tactically~*~*~ (stealth).
 23226 | D:15     | 23226 ||| Stepping ~*~*~tactically~*~*~ (stealth).
 23228 | D:15     | 23228 ||| Stepping ~*~*~tactically~*~*~ (stealth).
 23230 | D:15     | 23230 ||| Stepping ~*~*~tactically~*~*~ (stealth).
 23240 | D:15     | Received a gift from Okawaru
 23488 | D:15     | 23488 ||| PLANNING ORC
 23722 | Orc:1    | Entered Level 1 of the Orcish Mines
 23877 | Orc:2    | Entered Level 2 of the Orcish Mines
 23922 | Orc:1    | Paralysed by an orc sorcerer for 2 turns
 23925 | Orc:1    | 23925 ||| Stepping ~*~*~tactically~*~*~ (hiding).
 23926 | Orc:1    | 23926 ||| Stepping ~*~*~tactically~*~*~ (hiding).
 23927 | Orc:1    | 23927 ||| Stepping ~*~*~tactically~*~*~ (hiding).
 23928 | Orc:1    | 23928 ||| INVOKING Heroism.
 23932 | Orc:1    | 23932 ||| Stepping ~*~*~tactically~*~*~ (hiding).
 23941 | Orc:1    | 23941 ||| Stepping ~*~*~tactically~*~*~ (hiding).
 23945 | Orc:1    | 23945 ||| Stepping ~*~*~tactically~*~*~ (hiding).
 23993 | Orc:1    | 23993 ||| INVOKING Heroism.
 24001 | Orc:1    | Reached skill level 17 in Axes
 24044 | Orc:1    | 24044 ||| Stepping ~*~*~tactically~*~*~ (hiding).
 24191 | Orc:1    | Found Dacucuj's Jewellery Shoppe.
 24199 | Orc:1    | 24199 ||| Stepping ~*~*~tactically~*~*~ (hiding).
 24200 | Orc:1    | 24200 ||| Stepping ~*~*~tactically~*~*~ (hiding).
 24206 | Orc:1    | 24206 ||| INVOKING Heroism.
 24209 | Orc:1    | 24209 ||| Stepping ~*~*~tactically~*~*~ (hiding).
 24283 | Orc:1    | 24283 ||| BUYING +4 ring of protection (432 gold).
 24283 | Orc:1    | Bought a +4 ring of protection for 432 gold pieces
 24283 | Orc:1    | 24283 ||| BUYING amulet of reflection (360 gold).
 24283 | Orc:1    | Bought an amulet of reflection for 360 gold pieces
 24283 | Orc:1    | 24283 ||| BUYING ring of resist corrosion (240 gold).
 24283 | Orc:1    | Bought a ring of resist corrosion for 240 gold pieces
 24289 | Orc:1    | Found Fimucisk's CLEARANCE SALE!.
 24296 | Orc:1    | 24296 ||| BUYING scroll of teleportation (9 gold).
 24296 | Orc:1    | Bought a scroll of teleportation for 9 gold pieces
 24449 | Orc:1    | 24449 ||| UPGRADING to +4 ring of protection.
 24537 | Orc:2    | Found Qetoriri's Distillery.
 24588 | Orc:2    | 24588 ||| BUYING potion of curing (51 gold).
 24588 | Orc:2    | Bought a potion of curing for 51 gold pieces
 24588 | Orc:2    | 24588 ||| BUYING potion of curing (51 gold).
 24588 | Orc:2    | Bought a potion of curing for 51 gold pieces
 24588 | Orc:2    | 24588 ||| BUYING potion of enlightenment (85 gold).
 24588 | Orc:2    | Bought a potion of enlightenment for 85 gold pieces
 24588 | Orc:2    | 24588 ||| BUYING potion of haste (170 gold).
 24588 | Orc:2    | Bought a potion of haste for 170 gold pieces
 24588 | Orc:2    | 24588 ||| BUYING potion of lignification (51 gold).
 24588 | Orc:2    | Bought a potion of lignification for 51 gold pieces
 24588 | Orc:2    | 24588 ||| BUYING potion of might (68 gold).
 24588 | Orc:2    | Bought a potion of might for 68 gold pieces
 24588 | Orc:2    | 24588 ||| BUYING potion of mutation (136 gold).
 24588 | Orc:2    | Bought a potion of mutation for 136 gold pieces
 24588 | Orc:2    | 24588 ||| BUYING potion of resistance (170 gold).
 24588 | Orc:2    | Bought a potion of resistance for 170 gold pieces
 24720 | Orc:2    | Found a staircase to the Elven Halls.
 24941 | Orc:2    | 24941 ||| Stepping ~*~*~tactically~*~*~ (stealth).
 25002 | Orc:2    | 25002 ||| Stepping ~*~*~tactically~*~*~ (stealth).
 25003 | Orc:2    | 25003 ||| Stepping ~*~*~tactically~*~*~ (stealth).
 25017 | Orc:2    | 25017 ||| Stepping ~*~*~tactically~*~*~ (stealth).
 25019 | Orc:2    | 25019 ||| INVOKING Heroism.
 25073 | Orc:2    | Found Ahutzix's Jewellery Shop.
 25078 | Orc:2    | 25078 ||| SHOPLISTING ring "Nyafunau" {Ice Dex+4} (606
                  | gold, have 322).
 25078 | Orc:2    | 25078 ||| BUYING ring of see invisible (225 gold).
 25078 | Orc:2    | Bought a ring of see invisible for 225 gold pieces
 25100 | Orc:2    | Found Ageodoeq's General Store.
 25264 | Orc:2    | 25264 ||| Stepping ~*~*~tactically~*~*~ (stealth).
 25266 | Orc:2    | 25266 ||| Stepping ~*~*~tactically~*~*~ (stealth).
 25272 | Orc:2    | 25272 ||| Stepping ~*~*~tactically~*~*~ (hiding).
 25274 | Orc:2    | 25274 ||| Stepping ~*~*~tactically~*~*~ (hiding).
 25275 | Orc:2    | 25275 ||| Stepping ~*~*~tactically~*~*~ (hiding).
 25276 | Orc:2    | 25276 ||| Stepping ~*~*~tactically~*~*~ (hiding).
 25295 | Orc:2    | 25295 ||| Stepping ~*~*~tactically~*~*~ (hiding).
 25299 | Orc:2    | 25299 ||| Stepping ~*~*~tactically~*~*~ (hiding).
 25300 | Orc:2    | 25300 ||| Stepping ~*~*~tactically~*~*~ (hiding).
 25314 | Orc:2    | 25314 ||| Stepping ~*~*~tactically~*~*~ (hiding).
 25319 | Orc:2    | 25319 ||| Stepping ~*~*~tactically~*~*~ (hiding).
 25327 | Orc:2    | 25327 ||| INVOKING Heroism.
 25535 | Orc:2    | 25535 ||| SWAPPING to +3 vampiric war axe.
 25552 | Orc:2    | Found Qiahapt's Antique Weapon Emporium.
 25555 | Orc:2    | Found Ciquuthrohi's Antique Armour Shoppe.
 25568 | Orc:2    | 25568 ||| SHOPLISTING shiny plate armour (676 gold, have
                  | 97).
 25683 | Orc:2    | 25683 ||| Stepping ~*~*~tactically~*~*~ (hiding).
 25692 | Orc:2    | 25692 ||| Stepping ~*~*~tactically~*~*~ (stealth).
 25813 | Orc:2    | 25813 ||| SHOPLISTING 2 potions of resistance (300 gold,
                  | have 163).
 25813 | Orc:2    | 25813 ||| BUYING potion of enlightenment (75 gold).
 25813 | Orc:2    | Bought a potion of enlightenment for 75 gold pieces
 25813 | Orc:2    | 25813 ||| BUYING potion of might (60 gold).
 25813 | Orc:2    | Bought a potion of might for 60 gold pieces
 25880 | Orc:2    | 25880 ||| PLANNING SWAMP:1-3
 25880 | Orc:2    | 25880 ||| UPGRADING to ring of see invisible.
 26115 | Swamp:1  | Entered Level 1 of the Swamp
 26116 | Swamp:1  | 26116 ||| INVOKING Heroism.
 26135 | Swamp:1  | 26135 ||| Stepping ~*~*~tactically~*~*~ (hiding).
 26252 | Swamp:1  | Noticed Mlioglotl
 26253 | Swamp:1  | 26253 ||| INVOKING Heroism.
 26268 | Swamp:1  | Killed Mlioglotl
 26328 | Swamp:1  | 26328 ||| INVOKING Heroism.
 26329 | Swamp:1  | 26329 ||| SWAPPING to +0 morningstar.
 26334 | Swamp:1  | 26334 ||| SWAPPING to +3 vampiric war axe.
 26420 | Swamp:1  | 26420 ||| Stepping ~*~*~tactically~*~*~ (hiding).
 26453 | Swamp:1  | 26453 ||| READING scroll of enchant armour.
 26453 | Swamp:1  | 26453 ||| ENCHANTING +0 pair of gloves.
 26556 | Swamp:1  | 26556 ||| INVOKING Heroism.
 26567 | Swamp:1  | Reached XP level 17. HP: 104/108 MP: 22/24
 26591 | Swamp:1  | Noticed Frances
 26592 | Swamp:1  | 26592 ||| INVOKING Finesse.
 26610 | Swamp:1  | 26610 ||| INVOKING Heroism.
 26612 | Swamp:1  | Killed Frances
 26632 | Swamp:1  | HP: 23/108 [spriggan berserker/+1 antimagic war axe (16)]
 26633 | Swamp:1  | 26633 ||| READING 8 scrolls of teleportation.
 26634 | Swamp:1  | 26634 ||| DRINKING 2 potions of heal wounds.
 26635 | Swamp:1  | 26635 ||| DRINKING potion of heal wounds.
 26644 | Swamp:1  | 26644 ||| Stepping ~*~*~tactically~*~*~ (stealth).
 26809 | Swamp:1  | 26809 ||| Stepping ~*~*~tactically~*~*~ (stealth).
 26810 | Swamp:1  | 26810 ||| Stepping ~*~*~tactically~*~*~ (stealth).
 26814 | Swamp:1  | 26814 ||| INVOKING Heroism.
 26816 | Swamp:1  | 26816 ||| Stepping ~*~*~tactically~*~*~ (stealth).
 26881 | Swamp:1  | 26881 ||| Stepping ~*~*~tactically~*~*~ (stealth).
 26882 | Swamp:1  | 26882 ||| Stepping ~*~*~tactically~*~*~ (stealth).
 26893 | Swamp:1  | Noticed Kirke
 26925 | Swamp:1  | HP: 27/108 [something (3)]
 26927 | Swamp:1  | Noticed a sphinx
 26927 | Swamp:1  | 26927 ||| READING 7 scrolls of teleportation.
 26927 | Swamp:1  | HP: 8/108 [sphinx[Kirke] (14)]
 26927 | Swamp:1  | Slain by a sphinx

Levels and vault maps discovered:
D:1:      wander_arrival_fairy_ring, layout_basic,
          dreamdust_ecumenical_altar_statues
D:2:      layout_basic, basic_altar, serial_shops,
          nicolae_shop_tiny_statue_garden, minmay_heptomino_h4
D:3:      layout_rooms, mainiacjoe_overflow_alcove_4
D:4:      layout_gridville, uniq_edmund, uniq_ijyb, uniq_pikel,
          uniq_blork_the_orc
D:5:      layout_cave_pools, mainiacjoe_overflow_alcove_2,
          corexii_hall_statues_i, minmay_mini_ossuary, uniq_eustachio
D:6:      layout_rooms, minmay_temple_entry_sparse_star, serial_shops,
          nicolae_shop_statue_plus, minmay_ruined_shrine
D:7:      layout_loops_corners, mainiacjoe_overflow_small_starburst,
          enter_bailey_3
D:8:      layout_loops_ring, mainiacjoe_overflow_swirl, minmay_lair_entry_grove,
          serial_shops, kennysheep_mini_moat
D:9:      layout_roguey, nicolae_overflow_two_pavilions, hiddenorc2_lemuel
D:10:     minmay_wavy_crystal, layout_irregular_city, minivault_16
D:11:     layout_gridville, minivault_23, nicolae_shop_i_like_small_books_too,
          hangedman_incinerator, uniq_grum
D:12:     minmay_the_grid_3x3 [minmay_the_grid_doors, minmay_the_grid_large_cup,
          minmay_the_grid_aliased_spiral, minmay_the_grid_square_x,
          minmay_the_grid_stretched_grid, minmay_the_grid_embedded,
          minmay_the_grid_dragon_b, minmay_the_grid_fan,
          minmay_the_grid_prize_diamond_cup], layout_long_grid,
          nicolae_shop_i_like_big_books, nicolae_ashenzari_skybound,
          uniq_josephine, uniq_azrael
D:13:     argonaut_augean_stables, layout_layer_cave, grunt_vaults_entry_tiered,
          grunt_dithmenos_smoke_and_mirrors
D:14:     layout_loops_ring, roderic_cross_of_infinity
D:15:     grunt_enter_depths_giant_problem, layout_layer_cave,
          minmay_strange_pillars
Temple:   nicolae_temple_bog_church
Lair:1:   layout_regular_city
Lair:2:   dreamdust_labyrinth, layout_loops_ring, spider_nest_entry_webs,
          serial_bayou_lagoon_a
Lair:3:   layout_misc_corridors, palyth_hydra_swamp_entry, grunt_megastairs_1
Lair:4:   layout_small_grid, grunt_forest_large_clearings
Lair:5:   grunt_lair_end_beastmaster, layout_cave_shapes,
          dpeg_slime_entry_corner, hibernation_bobbens, grunt_megastairs_4
Swamp:1:  layout_falls_marsh, serial_swamp_ruin, evilmike_swamp_ruin_house_1,
          evilmike_swamp_ruin_house_4, evilmike_swamp_ruin_house_2, swamp_pool4,
          nicolae_swamp_dense_foliage, uniq_kirke, uniq_frances, uniq_mlioglotl
Orc:1:    layout_diamond_mine, serial_shops, shop, nicolae_shop_clearance
Orc:2:    grunt_orc_community_town_hall, layout_caves,
          grunt_orc_community_big_house_2, grunt_orc_community_big_house_1,
          grunt_orc_community_house_3, grunt_orc_community_house_3,
          grunt_orc_community_house_2, grunt_orc_community_house_1,
          serial_shops, shop

Skill      XL: |  1  2  3  4  5  6  7  8  9 10 11 12 13 14 15 16 17 |
---------------+----------------------------------------------------+-----
Axes           | 2 3 4 7 8 9 10 11 12 14 16 17 | 17.0
Dodging        | 1 2 3 4 5 |  5.0
Fighting       | 5 6 7 8 9 12 13 | 13.0
Armour         | 6 7 8 9 10 12 13 | 13.0
Throwing       | 1 5 6 7 |  7.0
Shields        | 6 9 10 11 12 13 | 13.3
Invocations    | 3 4 7 10 | 10.0

Action                     |  1- 3 |  4- 6 |  7- 9 | 10-12 | 13-15 | 16-18 || total
---------------------------+-------+-------+-------+-------+-------+-------++-------
  Melee: War axe           |   105 |    95 |   215 |   563 |   967 |   207 ||  2152
         Morningstar       |       |       |       |    29 |    15 |    10 ||    54
         Broad axe         |       |       |       |       |    90 |   479 ||   569
         Unarmed           |       |       |       |       |       |    24 ||    24
  Throw: Boomerang         |       |     4 |    72 |    43 |     9 |     5 ||   133
         Javelin           |       |       |       |       |   101 |   131 ||   232
 Invoke: Heroism           |       |       |     1 |    22 |    20 |    20 ||    63
         Finesse           |       |       |       |     3 |     3 |     3 ||     9
    Use: Scroll            |     5 |     4 |     7 |     5 |    10 |     8 ||    39
         Potion            |     3 |     1 |     4 |       |     6 |     3 ||    17
 Armour: Scale mail        |    70 |    49 |     5 |       |       |       ||   124
         Plate armour      |       |       |   197 |   382 |   535 |   296 ||  1410
  Dodge: Dodged            |    46 |    33 |    75 |   145 |   270 |   144 ||   713
  Block: Buckler           |    25 |    29 |    68 |       |       |       ||   122
         Kite shield       |       |       |    15 |   336 |   568 |   345 ||  1264

Table legend:
 A = Non-vault XP
 B = Vault XP
 C = Vault XP percentage of total XP
 D = Non-vault monster count
 E = Vault monster count
 F = Vault count percentage of total count
                 A         B        C        D         E       F
            +---------+---------+-------+---------+---------+-------
      Total |  101754 |   63220 |  38.3 |     539 |     266 |  33.0
            +---------+---------+-------+---------+---------+-------
        D:1 |      42 |       0 |   0.0 |      18 |       0 |   0.0
        D:2 |      29 |       2 |   6.5 |      12 |       2 |  14.3
        D:3 |      52 |       0 |   0.0 |      25 |       0 |   0.0
        D:4 |     361 |     890 |  71.1 |      14 |       4 |  22.2
        D:5 |     437 |     225 |  34.0 |      15 |       6 |  28.6
        D:6 |     597 |     297 |  33.2 |      11 |       6 |  35.3
        D:7 |    1931 |     204 |   9.6 |      29 |       5 |  14.7
        D:8 |     764 |    1395 |  64.6 |      15 |      11 |  42.3
        D:9 |    5470 |     315 |   5.4 |      36 |      32 |  47.1
       D:10 |    1781 |    1681 |  48.6 |      10 |       4 |  28.6
       D:11 |    5115 |    1700 |  24.9 |      33 |      12 |  26.7
       D:12 |    8347 |   20349 |  70.9 |      31 |      44 |  58.7
       D:13 |    8666 |   12483 |  59.0 |      21 |      39 |  65.0
       D:14 |   11941 |       0 |   0.0 |      28 |       0 |   0.0
       D:15 |   16639 |    1169 |   6.6 |      33 |       1 |   2.9
     Lair:1 |    2418 |       0 |   0.0 |      17 |       0 |   0.0
     Lair:2 |    4979 |     178 |   3.5 |      22 |       1 |   4.3
     Lair:3 |    3114 |    3135 |  50.2 |      10 |       8 |  44.4
     Lair:4 |    5566 |     493 |   8.1 |      23 |       1 |   4.2
     Lair:5 |    5139 |    8635 |  62.7 |      19 |      19 |  50.0
    Swamp:1 |    9961 |    4195 |  29.6 |      23 |       7 |  23.3
      Orc:1 |    5848 |       0 |   0.0 |      43 |       0 |   0.0
      Orc:2 |    2557 |    5874 |  69.7 |      51 |      64 |  55.7
            +---------+---------+-------+---------+---------+-------
